AoeStats
← Hößi

Glade

510515123Analyzed
1v1 RM · 9h ago on Oct 1, 2026· 47m 12s· 2 players
Game mode
Random Map
Map size
Tiny (2 player)
Population
200
Speed
Normal
Resources
Standard
Victory
Conquest
Starting age
Dark Age
Ending age
Imperial Age
RankedLock teamsTeams togetherTeam positionsShared explorationLock speedFull tech treeHidden civsTurbo modeCheats
Victory
Defeat
🇸🇪 Burgundians · Sweden
1430
+14
🇩🇪 Spanish · Germany
1379
-14
Hößi
10:29 Feudal Age
14:37 Castle Age
12:59 Double-Bit Axe
16:10 Horse Collar
19:12 Loom
23:05 Fletching
27:26 Town Watch
29:28 Sanctity
29:28 Bow Saw
35:25 Imperial Age
33:09 Padded Archer Armor
37:14 Gold Mining
38:05 Husbandry
38:16 Bloodlines
38:44 Elite Conquistador
40:21 Masonry
42:04 Leather Archer Armor
41:45 Bodkin Arrow
42:29 Scale Barding Armor
42:17 Light Cavalry
43:58 Forging
47:55 Chain Barding Armor
Ak-guy
3:57 Double-Bit Axe
5:23 Loom
11:06 Feudal Age
10:03 Horse Collar
11:38 Arson
11:15 Man-at-Arms
12:10 Bow Saw
16:57 Wheelbarrow
19:37 Castle Age
18:14 Heavy Plow
18:30 Fletching
20:08 Padded Archer Armor
20:22 Bodkin Arrow
20:41 Gold Mining
20:55 Elite Skirmisher
24:18 Stone Mining
26:33 Stone Shaft Mining
26:34 Gold Shaft Mining
30:30 Imperial Age
28:30 Guard Tower
30:17 Scale Barding Armor
30:25 Forging
31:20 Hand Cart
31:38 Conscription
33:28 Chain Barding Armor
34:50 Chemistry
37:03 Two-Man Saw
38:57 Elite Coustillier
43:36 Crop Rotation
43:57 Ballistics
44:47 Keep
45:05 Plate Barding Armor
45:27 Bracer
47:07 Iron Casting
Connection lost

Rejoining the realm…

Still unreachable

The connection could not be restored.

Session expired

The server has moved on; the page needs a fresh start.